 Dungeon Sprint DCSS version 0.21-a0-401-g0b6bec4 (webtiles) character file.

122 theanonym the Protected (level 6, -4/44 HPs)
             Began as a Gargoyle Fighter on Oct 21, 2017.
             Was a High Priest of Makhleb.
             Slain by an alligator (17 damage)
             ... in the Dungeon (Sprint VI: "Thunderdome").
             The game lasted 00:06:57 (702 turns).

theanonym the Protected (Gargoyle Fighter)           Turns: 702, Time: 00:06:57

Health: -4/44      AC: 12    Str: 22    XL:     6   Next: 65%
Magic:  6/6        EV:  8    Int:  8    God:    Makhleb [*****.]
Gold:   390        SH: 11    Dex:  9    Spells: 5/5 levels left

rFire    . . .     SeeInvis .   a - +0 flail
rCold    . . .     Gourm    .   c - +0 shield
rNeg     + . .     Faith    .   b - +0 scale mail
rPois    ∞         Spirit   .   (no helmet)
rElec    +         Reflect  .   (no cloak)
rCorr    .         Harm     .   (no gloves)
MR       .....     NoTele   +   (no boots)
Stlth    ..........             (no amulet)
HPRegen  0.14/turn              (no ring)
MPRegen  0.10/turn              (no ring)

@: very slightly contaminated
A: negative energy resistance 1, electricity resistance, unbreathing,
petrification resistance, rot immunity, AC +4
a: Minor Destruction, Lesser Servant of Makhleb, Major Destruction, Greater
Servant of Makhleb, Renounce Religion


You were in the Dungeon.
You worshipped Makhleb.
Makhleb was extremely pleased with you.
You were not hungry.

You visited 1 branch You collected 390 gold pieces.

Inventory:

Hand Weapons
 a - a +0 flail (weapon)
Armour
 b - a +0 scale mail (worn)
 c - a +0 shield (worn)
Wands
 l - a wand of acid (5/15)
   (You found it in the Dungeon)
 m - a wand of iceblast (5/15)
   (You found it in the Dungeon)
Scrolls
 k - 3 scrolls of blinking
 n - 3 scrolls of fog {!r}
Potions
 d - a potion of might
 e - a potion of curing
 g - a potion of heal wounds
 h - 3 potions of haste
 i - 2 potions of magic
 j - a potion of berserk rage
 o - a potion of resistance
Comestibles
 f - a bread ration


   Skills:
 + Level 8.1 Fighting
 * Level 7.4 Maces & Flails
 + Level 8.1 Armour
 + Level 8.1 Shields
 + Level 0.0 Invocations


You had 5 spell levels left.
You didn't know any spells.

Dungeon Overview and Level Annotations

Branches:
Dungeon (1/1)

Altars:
Cheibriados
Dithmenos
Fedhas
Gozag
Kikubaaqudgha
Makhleb
Okawaru
Qazlal
Ru
Sif Muna
Trog
Uskayaw
Vehumet
Wu Jian
Xom
Yredelemnul
Zin
The Shining One
Beogh
Jiyva
Lugonu

Shops:
D *[%??*?*:[((!!!!


Innate Abilities, Weirdness & Mutations

You are resistant to torment.
Your stone body is resilient. (AC +4)
You are immune to poison.
You resist negative energy. (rN+)
You are resistant to electric shocks. (rElec)
You can survive without breathing.
You are immune to petrification.
You are immune to rotting.


Message History

You take 1 damage, and have 22/44 hp.
You hit something. You closely miss something.
An alligator comes into view.
Unknown command.
Things that are here:
a stone; a kobold corpse Autopickup is now on.
Autopickup is now off.
Unknown command.
You start resting.
Your extra speed is starting to run out.
Unknown command.
You miss something. You miss something. Something hits you but does no damage.
You miss something.
A witch appears from thin air!
The witch barely misses you.
You closely miss the witch.
You feel yourself slow down. The witch hits you but does no damage.
You barely miss the witch. The witch hits you but does no damage.
You closely miss the witch. The witch hits you but does no damage.
You hit the witch but do no damage. You block the witch's attack.
You barely miss the witch. The witch hits you but does no damage.
You closely miss the witch. You block the witch's attack.
You closely miss the witch.
The witch gestures wildly while chanting.
The witch flickers and vanishes!
Okay, then.
Unknown command.
Unknown command.
A demon appears!
Something hits you but does no damage.
You take 4 damage, and have 22/44 hp.
You miss something. Something hits you but does no damage.
You miss something. Something hits you but does no damage.
You closely miss something. You block something's attack.
Something hits you but does no damage.
You miss something.
You hear some strange, mumbled words.
A stinking cloud appears from out of thin air!
The ball explodes into a vile cloud!
The stinking cloud engulfs you!
The stinking cloud engulfs something.
The stinking cloud engulfs your ynoxinul.
Your ynoxinul appears unharmed.
You miss something. You block something's attack.
You miss something.
Something wonders, "What am I doing in here?"
You closely miss something.
Your ynoxinul gestures.
The alligator puts on a burst of speed!
You block the alligator's attack. The alligator completely misses you.
Your ynoxinul gestures.
You swap places.
The alligator bites your ynoxinul!
The alligator closely misses your ynoxinul.
Your ufetubus hits the alligator.
Your ufetubus barely misses the alligator.
You swap places.
Your ufetubus hits the alligator but does no damage. x2
Your ufetubus barely misses the alligator. x2
You swap places.
The alligator closely misses your ufetubus.
The alligator tail-slaps your ufetubus!
Your ufetubus dies!
Your ufetubus hits the alligator.
Your ufetubus barely misses the alligator.
You hit the alligator. Your ufetubus hits the alligator.
Your ufetubus closely misses the alligator.
Something hits your ynoxinul but does no damage.
The alligator closely misses you. x2; Your ynoxinul misses something.
All of the chunks of flesh in your inventory have rotted away.
A shadow comes into view.
You hit the alligator but do no damage.
Your ufetubus closely misses the alligator. x2
The alligator bites you!!
* * * LOW HITPOINT WARNING * * *
You block the alligator's attack.
You hear some strange, mumbled words.
A six-headed hydra appears.
The shadow moves out of view.
Your ufetubus hits the alligator but does no damage.
Your ufetubus hits the alligator. Your ynoxinul hits something!
You take 20 damage, and have 4/44 hp.
MASSIVE DAMAGE!!
Your ynoxinul disappears in a puff of smoke!
Your ufetubus disappears in a puff of smoke! x3
The alligator bites you but does no damage.
You block the alligator's attack.
Blink to where?
You are very lightly contaminated with residual magic.
As you read the scroll of blinking, it crumbles to dust.
You feel much better.
You regained 23 hp, and now have 27/44 hp.
The alligator bites you!!
* * * LOW HITPOINT WARNING * * *
The alligator tail-slaps you.
* * * LOW HITPOINT WARNING * * *
You take 24 damage, and have 3/44 hp.
MASSIVE DAMAGE!!
You feel much better.
The alligator bites you but does no damage.
The alligator tail-slaps you.
* * * LOW HITPOINT WARNING * * *
The alligator bites you!
You die...

#.....# ##.....##
##∩.....∩## #∩.......∩#
#........_# #_...)..._#
#_......._# ###.........###
#⌠@t.........⌠#
######.8....D....8.#####
##∩___).....###......___∩
###∩.......)8.# #.8........
##...........(.###{.........
#⌠..........###(.D###.......
#⌠..........# #.<§# #...)...
#⌠..........###...###.......
##...........[W###..........


You could see an alligator and a six-headed hydra.

Vanquished Creatures
  Purgy (D)
  A big kobold (D)
  2 gnoll sergeants (D)
  A worker ant (D)
  3 gnolls (D)
  2 river rats (D)
  A worm (D)
  An orc (D)
  3 quokkas (D)
  A frilled lizard (D)
  A goblin (D)
  5 kobolds (D)
22 creatures vanquished.

Notes
Turn   | Place    | Note
-------+----------+-------------------------------------------
     0 | D        | theanonym the Gargoyle Fighter began the quest for the Orb.
     0 | D        | Reached XP level 1. HP: 14/14 MP: 1/1
     1 | D        | Found a glowing silver altar of Zin.
     1 | D        | Found a radiant altar of Vehumet.
     2 | D        | Found a roughly hewn altar of Beogh.
     2 | D        | Found a burning altar of Makhleb.
     3 | D        | Found a viscous altar of Jiyva.
     4 | D        | Found a blossoming altar of Fedhas.
     4 | D        | Found a corrupted altar of Lugonu.
     4 | D        | Found Aqipte Guto's Staff Store.
     4 | D        | Found Nurep's Magic Scroll Shop.
     5 | D        | Found Apnull's Must-Have Magic.
     5 | D        | Found Ugiurali's Magic Scroll Shop.
     5 | D        | Round 1.
    10 | D        | Became a worshipper of Makhleb the Destroyer
    22 | D        | Found a snail-covered altar of Cheibriados.
    31 | D        | Found a glowing golden altar of the Shining One.
    32 | D        | Found a stormy altar of Qazlal.
    33 | D        | Found Qinog's Bee Food.
    34 | D        | Found Naiq Ysi's Jewellery.
    34 | D        | Found Eloleniu's Advanced Armour.
    35 | D        | Found a bloodstained altar of Trog.
    35 | D        | Found an opulent altar of Gozag.
    35 | D        | Found an ornate altar of the Wu Jian Council.
    35 | D        | Found Mifruem's Identification Station.
    40 | D        | Found a deep blue altar of Sif Muna.
    41 | D        | Found a sacrificial altar of Ru.
    42 | D        | Found Getrae's Premium Goods.
    43 | D        | Found Feowemy's Miscellaneous Merchandise.
    43 | D        | Found Yvytezubb's Basic Armour.
    44 | D        | Found a hide-covered altar of Uskayaw.
    44 | D        | Found a shimmering altar of Xom.
    44 | D        | Found Uwko's Weapon Rack.
    48 | D        | Found a shadowy altar of Dithmenos.
    49 | D        | Found a basalt altar of Yredelemnul.
    50 | D        | Found an ancient bone altar of Kikubaaqudgha.
    51 | D        | Found Icsoetso's Do-It-Yourself Clinic.
    52 | D        | Found Jaqy's Bottled Wisdom.
    52 | D        | Found Webruopp's Distillery.
    53 | D        | Found an iron altar of Okawaru.
    53 | D        | Found Leqodosi's Distillery.
    83 | D        | Reached * piety under Makhleb
    87 | D        | Reached XP level 2. HP: 18/20 MP: 2/2
   135 | D        | Reached ** piety under Makhleb
   135 | D        | Arena points: 14 (+14) [x2]
   135 | D        | Reached skill level 4 in Fighting
   135 | D        | Reached skill level 3 in Maces & Flails
   135 | D        | Reached skill level 4 in Armour
   135 | D        | Reached skill level 4 in Shields
   135 | D        | Reached XP level 3. HP: 20/24 MP: 3/3
   181 | D        | Round 2.
   188 | D        | Noticed Purgy
   203 | D        | Killed Purgy
   203 | D        | Reached skill level 6 in Fighting
   203 | D        | Reached skill level 5 in Maces & Flails
   203 | D        | Reached skill level 6 in Armour
   203 | D        | Reached skill level 6 in Shields
   203 | D        | Reached XP level 4. HP: 19/32 MP: 4/4
   203 | D        | Reached XP level 5. HP: 21/36 MP: 5/5
   301 | D        | Reached *** piety under Makhleb
   303 | D        | Arena points: 56 (+42) [x3]
   367 | D        | Round 3.
   395 | D        | Reached skill level 7 in Fighting
   395 | D        | Reached skill level 6 in Maces & Flails
   395 | D        | Reached skill level 7 in Armour
   395 | D        | Reached skill level 7 in Shields
   445 | D        | Reached **** piety under Makhleb
   467 | D        | Reached XP level 6. HP: 44/44 MP: 6/6
   523 | D        | Arena points: 74 (+18) [x1]
   538 | D        | Round 4.
   552 | D        | Reached skill level 8 in Fighting
   552 | D        | Reached skill level 7 in Maces & Flails
   552 | D        | Reached skill level 8 in Armour
   552 | D        | Reached skill level 8 in Shields
   560 | D        | Reached ***** piety under Makhleb
   590 | D        | Arena points: 122 (+48) [x2]
   605 | D        | Round 5.
   620 | D        | Noticed a witch
   623 | D        | Noticed a four-headed hydra
   646 | D        | Noticed an alligator
   692 | D        | Noticed a shadow
   692 | D        | HP: 4/44 [alligator (20)]
   693 | D        | Noticed a six-headed hydra
   699 | D        | HP: 3/44 [alligator (3)]
   702 | D        | Slain by an alligator

Vault maps used:
D:        arena_sprint

Skill      XL: |  1  2  3  4  5  6 |
---------------+-------------------+-----
Fighting       | 4 6 7 8 |  8.1
Maces & Flails | 3 5 6 7 |  7.4
Armour         | 4 6 7 8 |  8.1
Shields        | 4 6 7 8 |  8.1

Action                   |  1- 3 |  4- 6 || total
-------------------------+-------+-------++-------
Melee: Flail             |    40 |   113 ||   153
Invok: Lesser Servant of |       |     1 ||     1
  Use: Potion            |       |     4 ||     4
       Scroll            |       |     1 ||     1
Armor: Scale mail        |    21 |    36 ||    57
Dodge: Dodged            |    30 |    26 ||    56
Block: Shield            |    28 |    63 ||    91

Table legend:
 A = Spawn XP
 B = Non-spawn XP
 C = Spawn XP percentage of total XP
 D = Spawn monster count
 E = Non-spawn monster count
 F = Spawn count percentage of total count
 G = Total turns spent on level
                    A         B        C        D         E        F      G
               +---------+---------+-------+---------+---------+-------+---------
         Total |       0 |     514 |   0.0 |       0 |      22 |   0.0 |   702
               +---------+---------+-------+---------+---------+-------+---------
             D |       0 |     514 |   0.0 |       0 |      22 |   0.0 |   702
               +---------+---------+-------+---------+---------+-------+---------
